 Dungeon Crawl Stone Soup version 0.25.0-1-g7eea58d (webtiles) character file.

Game seed: 17163936236211822735

125 yaymichael the Ruffian (level 4, -2/40 HPs)
             Began as a Centaur Monk on June 14, 2020.
             Slain by an orc wizard
             ... wielding a +0 dagger
              (4 damage)
             ... on level 3 of the Dungeon.
             The game lasted 00:04:35 (2914 turns).

yaymichael the Ruffian (Centaur Monk)               Turns: 2914, Time: 00:04:36

Health: -2/40      AC:  5    Str: 14    XL:     4   Next: 82%
Magic:  4/4        EV: 10    Int:  9    God:
Gold:   186        SH:  0    Dex: 12    Spells: 3/3 levels left

rFire    . . .     SeeInvis .     - Unarmed
rCold    . . .     Gourm    .   (no shield)
rNeg     . . .     Faith    .   a - +0 robe
rPois    .         Spirit   .   m - +0 helmet
rElec    .         Reflect  .   (no cloak)
rCorr    .         Harm     .   (no gloves)
MR       .....                  (no barding)
Stlth    ++........             (no amulet)
HPRegen  0.13/turn              (no ring)
MPRegen  0.09/turn              (no ring)

@: flying, invisible, very quick
A: large, hooves 3, deformed body, speed 2, tough skin 3
a: no special abilities


You were on level 3 of the Dungeon.
You were not hungry.

You visited 1 branch of the dungeon, and saw 3 of its levels.

You collected 186 gold pieces.

Inventory:

Hand Weapons
 c - a +0 dagger
 g - a cursed -2 hand axe
Missiles
 e - 49 arrows
 s - 2 atropa-tipped darts (quivered)
Armour
 a - a +0 robe (worn)
 m - a +0 helmet (worn)
Jewellery
 l - an uncursed ring of magical power {unknown}
 q - a +6 ring of strength {unknown}
Scrolls
 j - 4 scrolls of teleportation {unknown}
 k - 6 scrolls of identify {unknown}
 n - a scroll of immolation {unknown}
 o - 2 scrolls of remove curse {unknown}
 p - a scroll of magic mapping {unknown}
Potions
 d - a potion of flight
 i - 2 potions of curing {unknown}
 r - a potion of cancellation {unknown}
Comestibles
 b - 7 rations
 f - 8 chunks of flesh


   Skills:
 * Level 3.7 Fighting
 * Level 0.6 Axes
 * Level 2.8 Dodging
 + Level 1.2 Stealth
 * Level 4.3 Unarmed Combat


You had 3 spell levels left.
You didn't know any spells.
Your spell library was empty.

Dungeon Overview and Level Annotations

Branches:
Dungeon (3/15)

Altars:


Innate Abilities, Weirdness & Mutations

You have hooves in place of feet.
Armour fits poorly on your strangely shaped body.
You cover ground very quickly.
You have extremely tough skin. (AC +3)


Message History

The orc wizard is severely wounded.
The orc wizard mumbles some strange words.
The orc wizard flickers and vanishes!
Deactivating autopickup; reactivate with Ctrl-A.
You hit the orc wizard but do no damage.
You kick the orc wizard.
You kill the orc wizard!
Some of the chunks of flesh in your inventory have rotted away.
You barely miss something. Your kick misses something. Something hits you.
* * * LOW HITPOINT WARNING * * *
You barely miss something. Something hits you.
* * * LOW HITPOINT WARNING * * *
It was a potion of flight.
You feel very buoyant.
You fly up into the air.
Something hits you.
* * * LOW HITPOINT WARNING * * *
It was a potion of invisibility.
You fade into invisibility!
Something hits you.
You die...

#######.##.# #.##.#
#.##.# #.##.###.#
#. #.....#
#.##.###.# # #....#
#####.#####.###.##
.!.$."...@{o..!....
#############.#.###
..% ..# .og. .###
o#


You could see an orc.

Vanquished Creatures
  An orc wizard (D:3)
  A gnoll (D:1)
  An adder (D:3)
  A leopard gecko (D:2)
  2 orcs (D:3)
  11 bats
  2 giant cockroaches
  8 goblins
  10 hobgoblins
  12 jackals
  4 kobolds
  2 quokkas (D:2)
  5 frilled lizards
  7 rats
67 creatures vanquished.

Notes
Turn   | Place    | Note
-------+----------+-------------------------------------------
     0 | D:1      | yaymichael the Centaur Monk began the quest for the Orb.
     0 | D:1      | Reached XP level 1. HP: 19/19 MP: 1/1
   361 | D:1      | Reached XP level 2. HP: 23/26 MP: 2/2
  1436 | D:2      | Reached XP level 3. HP: 31/31 MP: 3/3
  1708 | D:2      | Found a faded altar of an unknown god.
  2701 | D:3      | Reached XP level 4. HP: 38/38 MP: 4/4
  2820 | D:3      | Reached skill level 4 in Unarmed Combat
  2913 | D:3      | HP: 2/40 [something (4)]
  2914 | D:3      | Slain by an orc wizard

Illustrated notes

Levels and vault maps discovered:
D:1:      shiori_shiawase, layout_basic
D:2:      minmay_door_path, layout_loops_ring, serial_co_window_serial,
          co_window_paths_b, co_window_of_opportunity_a, co_window_paths_a,
          co_window_paths_a, co_window_paths_b, co_window_paths_a,
          co_window_paths_a, co_window_paths_a, co_window_paths_b,
          co_window_broadway_c, co_window_cross_4, co_window_broadway_a,
          glass_columns_b, glass_columns_c, chequers_ecumenical_altar_island,
          st_stairs_3, grunt_ministairs_5, chequers_decorated_corner
D:3:      layout_loops_ring, first_ration, st_stairs_12

Skill      XL: |  1  2  3  4 |
---------------+-------------+-----
Unarmed Combat | 4 |  4.3
Fighting       | |  3.7
Axes           | |  0.6
Dodging        | |  2.8
Stealth        | |  1.2

Action                   |  1- 3 |  4- 6 || total
-------------------------+-------+-------++-------
Melee: Unarmed           |   155 |    46 ||   201
       Kick              |    24 |     8 ||    32
       Punch             |     1 |       ||     1
Throw: Dart              |       |     1 ||     1
  Use: Potion            |       |     2 ||     2
 Stab: Sleeping          |     3 |       ||     3
  Eat: Chunk             |     4 |     1 ||     5
Armor: Robe              |    57 |    17 ||    74
Dodge: Dodged            |    71 |    25 ||    96
